 Dungeon Crawl Stone Soup version 0.31-a0-263-ge8cad7f256 (webtiles) character file.

Game seed: 1202908906169693990

95 qw the Shooter (level 4, -6/26 HPs)
             Began as a Gargoyle Hexslinger on July 13, 2023.
             Killed from afar by an orc wizard (8 damage)
             ... with a magic dart
             ... on level 3 of the Dungeon.
             The game lasted 00:00:40 (1539 turns).

qw the Shooter (Gargoyle Hexslinger)                Turns: 1539, Time: 00:00:41

Health: -6/26      AC:  8    Str: 11    XL:     4   Next: 66%
Magic:  5/5        EV: 10    Int: 14    God:
Gold:   82         SH:  0    Dex: 20    Spells: 4/5 levels left

rFire   . . .        Y - +1 sling
rCold   . . .        (no shield)
rNeg    + . .        b - +0 ring mail
rPois   inf          (no helmet)
rElec   +            (no cloak)
rCorr   .            (no gloves)
SInv    .            (no boots)
Will    .....        d - amulet of faith
Stlth   +            i - +6 ring of dexterity
HPRegen 0.24/turn    (no ring)
MPRegen 0.09/turn

%: faith
@: no status effects
A: sickness immunity, AC +3, negative energy resistance 1, electricity
resistance, torment resistance 1, petrification resistance
a: no special abilities


You were on level 3 of the Dungeon.
You visited 1 branch of the dungeon, and saw 3 of its levels.

You collected 132 gold pieces.
You spent 50 gold pieces at shops.


Innate Abilities, Weirdness & Mutations

You are immune to sickness and miasma.
Your stone body is resilient. (AC +3)
You are immune to poison.
You resist negative energy. (rN+)
You are resistant to electric shocks. (rElec)
You are resistant to unholy torment.
You are immune to petrification.


   Skills:
 - Level 2.0 Fighting
 + Level 4.0 Ranged Weapons
 - Level 1.7 Armour
 - Level 1.5 Dodging
 - Level 1.0 Spellcasting
 - Level 2.6 Hexes


You had 4 spell levels left.
You knew the following spells:

 Your Spells              Type           Power      Damage    Failure   Level
a - Slow                  Hex            32%        N/A       21%         1

Your spell library contained the following spells:

 Spells                   Type           Power      Damage    Failure   Level
 Inner Flame              Hex/Fire       4%         N/A       71%         3
 Portal Projectile        Hex/Tloc       8%         N/A       71%         3
 Cause Fear               Hex            4%         N/A       90%         4

Inventory:

Hand Weapons
 Y - a +1 sling (weapon)
Armour
 b - a +0 ring mail (worn)
Jewellery
 d - an amulet of faith (around neck)
 i - a +6 ring of dexterity (left hand)
Scrolls
 e - 4 scrolls of teleportation
 h - 2 scrolls of identify
 j - a scroll of amnesia {unknown}
Potions
 a - a potion of curing
 c - a potion of resistance {unknown}
 f - a potion of cancellation {unknown}
 g - a potion of heal wounds {unknown}

Dungeon Overview and Level Annotations

Branches:
Dungeon (3/15)

Altars:
Uskayaw

Shops:
D:1 ([*?(   D:3 *

Annotations:
D:3 1 transporter


Message History

The sling bullet hits the orc.
You kill the orc!
The orc wizard hits you but does no damage. x2
You shoot a sling bullet. The sling bullet hits the orc wizard.
You kill the orc wizard!
The orc wizard casts a spell at you. You resist with some effort.
The orc wizard mumbles some strange words.
The orc wizard flickers and vanishes!
Deactivating autopickup; reactivate with Ctrl-A.
Your Armour skill increases to level 1!
You shoot a sling bullet. The sling bullet hits the orc.
The orc is heavily wounded.
The orc barely misses you. Something hits you but does no damage.
You shoot a sling bullet. The sling bullet hits the orc!
You kill the orc!
Something hits you but does no damage.
You shoot a sling bullet.
Something hits you but does no damage. x2
You shoot a sling bullet. Something hits you but does no damage.
You shoot a sling bullet.
You hear some strange, mumbled words.
You are confused.
You shoot a sling bullet.
Something hits you but does no damage. x2
You shoot a sling bullet.
You hear some strange, mumbled words.
A puff of flame appears from out of thin air!
The puff of flame hits you!
You shoot a sling bullet. Something hits you but does no damage.
You shoot a sling bullet.
You feel less confused. Something hits you.
Something hits you but does no damage.
You shoot a sling bullet.
You hear some strange, mumbled words.
A magic dart appears from out of thin air!
The magic dart hits you!
You die...

#.# ...........#.#
#.# ##.)###.####.#
#.# #..###.####..
#.# #............
###.# #...#######<.
#...# #... ###
#...# ..# #
#...#########.#.#..
#
##.........@))..~~~
#
###########{.~~~..
# .~~.##. # ~~..# #
#.~~~# # ...~#
...~# ..#.#


There were no monsters in sight!

Vanquished Creatures
  An orc wizard (D:3)
  An adder (D:2)
  3 orcs (D:3)
  3 ball pythons
  5 endoplasms
  A giant cockroach (D:3)
  4 hobgoblins
  7 jackals
  2 quokkas
  4 bats
  4 frilled lizards
  7 goblins
  7 kobolds
  2 rats
51 creatures vanquished.

Notes
Turn   | Place    | Note
-------+----------+-------------------------------------------
     0 | D:1      | qw the Gargoyle Hexslinger began the quest for the Orb.
     0 | D:1      | Reached XP level 1. HP: 12/12 MP: 2/2
     0 | D:1      | 0 ||| qw: Version: 0.3-a-52-g30416fa
     0 | D:1      | 0 ||| qw: Game counter: 7522
     0 | D:1      | 0 ||| qw: Melee chars always use a shield: true
     0 | D:1      | 0 ||| qw: God list: Okawaru
     0 | D:1      | 0 ||| qw: Allow faded altars: false
     0 | D:1      | 0 ||| qw: Do Orc after clearing Dungeon:15 true
     0 | D:1      | 0 ||| qw: Do second Lair branch before Depths: true
     0 | D:1      | 0 ||| qw: Lair rune preference: random
     0 | D:1      | 0 ||| qw: Goals: Normal
     0 | D:1      | 0 ||| PLANNING D:1-11
    49 | D:1      | Found Xezikh's General Store.
   130 | D:1      | 130 ||| SHOPLISTING +0 ring mail of positive energy (112
                  | gold, have 0).
   130 | D:1      | 130 ||| SHOPLISTING potion of might (56 gold, have 0).
   130 | D:1      | 130 ||| SHOPLISTING scroll of identify (28 gold, have 0).
   141 | D:1      | Found Gaisuo's Antique Armour Shoppe.
   144 | D:1      | 144 ||| SHOPLISTING leather armour (62 gold, have 0).
   144 | D:1      | 144 ||| SHOPLISTING pair of gloves (139 gold, have 0).
   144 | D:1      | 144 ||| SHOPLISTING ring mail (124 gold, have 0).
   144 | D:1      | 144 ||| SHOPLISTING shiny helmet (232 gold, have 0).
   185 | D:1      | Reached XP level 2. HP: 16/16 MP: 3/3
   242 | D:1      | Reached skill level 3 in Ranged Weapons
   282 | D:1      | Found Joilal's Antique Weapon Shop.
   399 | D:1      | Found Qeez's Magic Scroll Shop.
   404 | D:1      | Reached XP level 3. HP: 21/21 MP: 4/4
   410 | D:1      | 410 ||| SHOPLISTING scroll of acquirement (520 gold, have
                  | 62).
   410 | D:1      | 410 ||| BUYING scroll of identify (20 gold).
   410 | D:1      | Bought a scroll of identify for 20 gold pieces
   410 | D:1      | 410 ||| BUYING scroll of teleportation (30 gold).
   410 | D:1      | Bought a scroll of teleportation for 30 gold pieces
   410 | D:1      | 410 ||| SHOPLISTING scroll of teleportation (30 gold, have
                  | 12).
   470 | D:1      | Found Huril's Weapon Emporium.
   588 | D:1      | 588 ||| UPGRADING to +0 leather armour.
   598 | D:1      | 598 ||| DROPPING +0 robe.
   599 | D:1      | 599 ||| UPGRADING to amulet of faith.
   604 | D:1      | 604 ||| READING scroll labelled LOIKHL IXZO.
   618 | D:1      | 618 ||| DROPPING scroll of poison.
   712 | D:2      | Identified the +3 dagger of the Owl {freeze, Fly rElec
                  | Int+5}
   967 | D:2      | Found a hide-covered altar of Uskayaw.
  1180 | D:2      | Reached XP level 4. HP: 26/26 MP: 5/5
  1284 | D:2      | 1284 ||| UPGRADING to +0 ring mail.
  1294 | D:2      | 1294 ||| DROPPING +0 leather armour.
  1295 | D:2      | 1295 ||| UPGRADING to +6 ring of dexterity.
  1296 | D:2      | 1296 ||| DRINKING 2 pink potions.
  1324 | D:3      | Found a transporter.
  1324 | D:3      | Found Hoxac's Assorted Antiques.
  1416 | D:3      | Reached skill level 4 in Ranged Weapons
  1530 | D:3      | Reached skill level 1 in Armour
  1536 | D:3      | HP: 3/26 [something/puff of flame (8)]
  1539 | D:3      | Killed from afar by an orc wizard

Levels and vault maps discovered:
D:1:      dpeg_arrival_castle, layout_rooms, serial_shops,
          nicolae_shop_real_fake_doors, shop_fountains, shop,
          nicolae_shop_hallway_stairs, shop
D:2:      layout_basic, basic_altar
D:3:      layout_loops_ring, shapermc_ecumenical_altar_notcrosses, serial_shops,
          nicolae_shop_drivethru, chequers_hall_statues_y,
          chequers_serial_rivers_small_b, uniq_natasha, uniq_sigmund, uniq_ijyb,
          uniq_jessica

Skill      XL: |  1  2  3  4 |
---------------+-------------+-----
Ranged Weapons | 3 4 |  4.0
Fighting       | 2 |  2.0
Armour         | 1 |  1.7
Dodging        | |  1.5
Spellcasting   | |  1.0
Hexes          | |  2.6

Action                     |  1- 3 |  4- 6 || total
---------------------------+-------+-------++-------
   Fire: Sling             |   125 |    31 ||   156
    Use: Scroll            |     1 |       ||     1
         Potion            |       |     1 ||     1
 Armour: Robe              |    10 |       ||    10
         Leather armour    |    24 |       ||    24
         Ring mail         |       |    17 ||    17
  Dodge: Dodged            |    39 |     8 ||    47

Table legend:
 A = Non-vault XP
 B = Vault XP
 C = Vault XP percentage of total XP
 D = Non-vault monster count
 E = Vault monster count
 F = Vault count percentage of total count
                 A         B        C        D         E       F
            +---------+---------+-------+---------+---------+-------
      Total |     137 |       0 |   0.0 |      51 |       0 |   0.0
            +---------+---------+-------+---------+---------+-------
        D:1 |      37 |       0 |   0.0 |      23 |       0 |   0.0
        D:2 |      48 |       0 |   0.0 |      20 |       0 |   0.0
        D:3 |      52 |       0 |   0.0 |       8 |       0 |   0.0
            +---------+---------+-------+---------+---------+-------
